 Dungeon Crawl Stone Soup version 0.29-a0-700-g2f1814c7b2 (webtiles) character file.

Game seed: 10316093067962253558

13134 Sabo the Severer (level 12, 0/106 HPs)
             Began as a Hill Orc Fighter on June 25, 2022.
             Was an Elder of the Shining One.
             Slain by a titanic slime creature (36 damage)
             ... on level 12 of the Dungeon.
             The game lasted 01:11:08 (15952 turns).

Sabo the Severer (Hill Orc Fighter)                Turns: 15952, Time: 01:11:09

Health: 0/106      AC: 15    Str: 24    XL:     12   Next: 2%
Magic:  0/12       EV: 12    Int:  8    God:    the Shining One [****..]
Gold:   1133       SH:  5    Dex: 10    Spells: 11/11 levels left

rFire   . . .      SeeInvis .   u - +4 hand axe (flame)
rCold   + . .      Faith    .   c - +0 buckler
rNeg    + + .      Spirit   +   q - +4 ring mail {rC+}
rPois   +          Reflect  .   (no helmet)
rElec   .          Harm     .   x - +0 cloak
rCorr   .          Rampage  .   e - +0 pair of gloves
Will    .....                   a - +0 pair of boots
Stlth   +.........              g - amulet of guardian spirit
HPRegen 0.27/turn               m - ring of poison resistance
MPRegen 0.13/turn               (no ring)

@: glowing
A: no striking features
a: Renounce Religion, Divine Shield, Cleansing Flame


You were on level 12 of the Dungeon.
You worshipped the Shining One.
The Shining One was greatly pleased with you.
You visited 1 branch of the dungeon, and saw 12 of its levels.

You collected 1133 gold pieces.

Inventory:

Hand Weapons
 u - a +4 hand axe of flaming (weapon)
 v - a +2 short sword of holy wrath
 A - a +0 shortbow
 F - a +0 great mace of protection
Missiles
 t - 14 poisoned darts (quivered)
 z - 4 javelins
 E - 2 boomerangs
Armour
 a - a +0 pair of boots (worn)
 c - a +0 buckler (worn)
 e - a +0 pair of gloves (worn)
 q - a +4 ring mail of cold resistance (worn)
 x - a +0 cloak (worn)
Jewellery
 g - an amulet of guardian spirit (around neck)
 m - a ring of poison resistance (left hand)
Wands
 h - a wand of flame (48)
 C - a wand of mindburst (10)
 D - a wand of digging (6)
 H - a wand of iceblast (8)
Scrolls
 f - 5 scrolls of teleportation
 i - 2 scrolls of magic mapping
 j - a scroll of fog
 o - 2 scrolls of poison
 y - a scroll of brand weapon
 G - a scroll of blinking
 K - a scroll of fear
Potions
 b - 2 potions of resistance
 d - a potion of might
 k - 4 potions of flight
 l - 6 potions of curing
 n - 4 potions of haste
 p - a potion of invisibility
 r - 2 potions of heal wounds
 s - 4 potions of magic
 w - a potion of lignification {unknown}
 B - 2 potions of attraction {unknown}
 I - a potion of berserk rage {unknown}
 L - a potion of cancellation {unknown}


   Skills:
 + Level 10.2 Fighting
 + Level 15.4 Axes
 + Level 1.4(1.5) Slings
 + Level 0.2(1.0) Throwing
 + Level 9.9 Armour
 + Level 5.0 Dodging
 + Level 2.9 Stealth
 + Level 6.9 Shields


You had 11 spell levels left.
You didn't know any spells.
Your spell library contained the following spells:

 Spells                   Type           Power      Damage    Failure   Level
 Freeze                   Ice            0%         1d3       61%         1
 Sandblast                Erth           0%         2d4       61%         1
 Shock                    Conj/Air       0%         1d3       61%         1
 Slow                     Hex            0%         N/A       61%         1
 Sting                    Tmut/Pois      0%         1d3       61%         1
 Passwall                 Tmut/Erth      0%         N/A       75%         2
 Poisonous Vapours        Pois/Air       0%         N/A       75%         2
 Confusing Touch          Hex            0%         N/A       93%         3
 Frozen Ramparts          Ice            0%         1d2       93%         3
 Gell's Gravitas          Tloc           0%         N/A       93%         3
 Lesser Beckoning         Tloc           0%         N/A       93%         3
 Stone Arrow              Conj/Erth      0%         3d7       93%         3
 Swiftness                Air            0%         N/A       93%         3
 Teleport Other           Tloc           0%         N/A       93%         3
 Vampiric Draining        Necr           0%         2d6       93%         3
 Airstrike                Air            0%         N/A       100%        4
 Hailstorm                Conj/Ice       0%         3d3       100%        4
 Olgreb's Toxic Radiance  Pois           0%         N/A       100%        4
 Petrify                  Tmut/Erth      0%         N/A       100%        4
 Summon Lightning Spire   Summ/Air       0%         N/A       100%        4
 Lightning Bolt           Conj/Air       0%         1d11      100%        5
 Metabolic Englaciation   Hex/Ice        0%         N/A       100%        5
 Statue Form              Tmut/Erth      0%         N/A       100%        6


Dungeon Overview and Level Annotations

Branches:
Dungeon (12/15)            Temple (0/1) D:4            Lair (0/6) D:10
    Orc (0/2) D:10

Altars:
Dithmenos
Fedhas
Gozag
Hepliaklqana
Makhleb
Nemelex Xobeh
Qazlal
Sif Muna
Uskayaw
Wu Jian
Yredelemnul
The Shining One

Annotations:
D:5 3 runed translucent doors, testman's ghost, novice GnWn


Message History

You now have 1133 gold pieces (gained 22).
Things that are here:
a +0 long sword; an elf corpse
s - 4 potions of magic (gained 1)
Found a pair of boots.
You see here a +0 pair of boots.
a - a +0 pair of boots You start putting on your armour.
You continue putting on your +0 pair of boots. x4
You finish putting on your +0 pair of boots. 4 slime creatures come into view.
The slime creature quivers. x4
Two slime creatures merge to form a large slime creature.
The slime creature moves out of view.
A slime creature comes into view.
The slime creature quivers.
Two slime creatures merge to form a large slime creature.
Two slime creatures merge to form an enormous slime creature.
You hit the enormous slime creature. You burn the enormous slime creature.
The enormous slime creature is lightly wounded.
The enormous slime creature hits you!!!
Ouch! That really hurt!
Two slime creatures merge to form a titanic slime creature.
You hear a shout! x7
You slice the titanic slime creature!! You burn the titanic slime creature.
The titanic slime creature is lightly wounded.
You slash the titanic slime creature! You burn the titanic slime creature.
The titanic slime creature is lightly wounded.
You hit the titanic slime creature. You burn the titanic slime creature.
The titanic slime creature is lightly wounded.
A cyclops comes into view.
You slash the titanic slime creature! You burn the titanic slime creature.
The titanic slime creature is moderately wounded.
The titanic slime creature hits you!
An orc comes into view. It is wielding a +0 flail.
You slash the titanic slime creature! You burn the titanic slime creature!
The titanic slime creature is moderately wounded.
You hear a shout!
The titanic slime creature hits you!!!
You die...

...............#
###########.#.##
# #.#.# # #.#.#
#.#.# #.#.#
#.#.# ###.#
#.#.####......
#.....@Jo..#
###.####.#.#
...# # #.### #.
#


You could see a titanic slime creature and an orc.

Vanquished Creatures
  5 two-headed ogres
  A death yak (D:11)
  A deep elf pyromancer (D:12)
  Psyche (D:8)
  A gargoyle (D:11)
  2 polar bears (D:11)
  3 centaur simulacra (D:11)
  2 vampires
  10 yaks
  A wyvern (D:8)
  4 steam dragons
  3 wargs (D:10)
  2 acid dragons
  A water moccasin (D:7)
  2 orc warriors (D:9)
  7 ice beasts
  3 sky beasts (D:7)
  A black bear (D:6)
  2 wolves (D:11)
  3 ogres
  2 phantoms
  8 centaurs
  4 bullfrogs
  A kobold brigand (D:11)
  3 necrophages
  3 scorpions
  6 killer bees (D:7)
  An electric eel (D:11)
  Crazy Yiuf (D:4)
  2 gnoll shamans
  4 hounds
  7 orc priests
  A jelly (D:6)
  5 iguanas
  Natasha (twice) (D:3)
  9 orc wizards
  A boggart simulacrum (D:11)
  7 gnolls
  4 adders (D:2)
  2 shadow imps
  2 white imps
  2 ufetubi (D:11)
  2 worms
  4 dart slugs
  36 orcs
  4 bats
  9 endoplasms
  A giant cockroach (D:1)
  4 hobgoblins
  3 jackals (D:1)
  10 kobolds
  4 quokkas
  6 ball pythons
  3 frilled lizards
  9 goblins
  8 rats
235 creatures vanquished.

Vanquished Creatures (collateral kills)
  A yak (D:10)
  A warg (D:10)
  An orc warrior (D:7)
  A scorpion (D:7)
  An orc priest (D:10)
  An orc wizard (D:10)
  A white imp (D:7)
  An orc (D:7)
8 creatures vanquished.

Grand Total: 243 creatures vanquished

Notes
Turn   | Place    | Note
-------+----------+-------------------------------------------
     0 | D:1      | Sabo the Hill Orc Fighter began the quest for the Orb.
     0 | D:1      | Reached XP level 1. HP: 19/19 MP: 1/1
    51 | D:1      | You fall into a shaft and drop 1 floor!
   125 | D:1      | Reached skill level 3 in Axes
   125 | D:1      | Reached XP level 2. HP: 27/27 MP: 2/2
  1108 | D:1      | Found a faded altar of an unknown god.
  1115 | D:1      | Prayed at the altar of an unknown god.
  1115 | D:1      | Became a worshipper of the Shining One
  1115 | D:1      | Reached * piety under the Shining One
  1319 | D:2      | Reached XP level 3. HP: 25/33 MP: 3/3
  1893 | D:2      | Reached skill level 4 in Axes
  1893 | D:2      | Reached XP level 4. HP: 36/40 MP: 4/4
  2478 | D:3      | Noticed Natasha
  2483 | D:3      | Killed Natasha
  2484 | D:3      | Reached skill level 5 in Axes
  2484 | D:3      | Reached XP level 5. HP: 42/46 MP: 3/5
  3139 | D:3      | Noticed Natasha
  3154 | D:3      | Killed Natasha
  3401 | D:4      | Reached skill level 6 in Axes
  3415 | D:4      | Noticed an ogre
  3590 | D:4      | Killed an ogre
  3591 | D:4      | Reached XP level 6. HP: 21/52 MP: 2/6
  3897 | D:4      | Found a basalt altar of Yredelemnul.
  4055 | D:4      | Reached skill level 7 in Axes
  4299 | D:4      | Found a staircase to the Ecumenical Temple.
  4470 | D:4      | Reached skill level 1 in Stealth
  4470 | D:4      | Reached XP level 7. HP: 60/60 MP: 7/7
  4663 | D:4      | Found a runed translucent door.
  4664 | D:4      | Noticed Crazy Yiuf
  4680 | D:4      | Killed Crazy Yiuf
  5145 | D:5      | Entered Level 5 of the Dungeon
  5163 | D:5      | Reached skill level 5 in Armour
  5443 | D:5      | Reached ** piety under the Shining One
  5455 | D:5      | Reached skill level 8 in Axes
  5682 | D:5      | Reached skill level 5 in Fighting
  5867 | D:5      | Reached XP level 8. HP: 67/68 MP: 8/8
  5944 | D:5      | Noticed testman's ghost (novice GnWn)
  5974 | D:5      | Found a runed translucent gate.
  5974 | D:5      | Found a runed translucent gate.
  5974 | D:5      | Found a runed translucent gate.
  6636 | D:6      | Reached skill level 1 in Dodging
  6730 | D:6      | Reached skill level 9 in Axes
  7387 | D:7      | Found a hazy altar of Hepliaklqana.
  7462 | D:7      | Reached skill level 10 in Axes
  7462 | D:7      | Reached XP level 9. HP: 38/78 MP: 7/9
  7464 | D:7      | Reached skill level 5 in Shields
  7835 | D:7      | Reached skill level 1 in Slings
  7836 | D:7      | Reached *** piety under the Shining One
  8381 | D:7      | Reached skill level 11 in Axes
  9086 | D:7      | Found a shimmering blue altar of Sif Muna.
  9728 | D:8      | Reached skill level 12 in Axes
  9870 | D:8      | Noticed Psyche
  9875 | D:8      | Killed Psyche
  9876 | D:8      | Reached XP level 10. HP: 79/86 MP: 7/10
 10121 | D:8      | Reached skill level 13 in Axes
 10251 | D:8      | Noticed a two-headed ogre
 10266 | D:8      | Killed a two-headed ogre
 11869 | D:9      | Noticed a two-headed ogre
 11878 | D:9      | Killed a two-headed ogre
 12407 | D:9      | Found Sixanu's Assorted Antiques.
 12517 | D:10     | Entered Level 10 of the Dungeon
 12517 | D:10     | Found a stormy altar of Qazlal.
 12525 | D:10     | Found a staircase to the Orcish Mines.
 12535 | D:10     | Reached skill level 14 in Axes
 12556 | D:10     | Found a blossoming altar of Fedhas.
 12588 | D:10     | Found an opulent altar of Gozag.
 12604 | D:10     | Noticed a two-headed ogre
 12609 | D:10     | Reached XP level 11. HP: 59/95 MP: 8/11
 12611 | D:10     | Killed a two-headed ogre
 12612 | D:10     | Reached **** piety under the Shining One
 12623 | D:10     | Noticed a two-headed ogre
 12633 | D:10     | Killed a two-headed ogre
 13023 | D:10     | Found a staircase to the Lair.
 13225 | D:10     | Found a hide-covered altar of Uskayaw.
 13225 | D:10     | Found a burning altar of Makhleb.
 13227 | D:10     | Found a sparkling altar of Nemelex Xobeh.
 13227 | D:10     | Found a shadowy altar of Dithmenos.
 13758 | D:11     | Found an ornate altar of the Wu Jian Council.
 14211 | D:11     | Reached skill level 15 in Axes
 14718 | D:11     | Noticed a death yak
 14718 | D:11     | Noticed a two-headed ogre
 14736 | D:11     | Killed a death yak
 14775 | D:11     | HP: 1/99 [two-headed ogre/+0 giant club (11)]
 14778 | D:11     | Killed a two-headed ogre
 15244 | D:11     | Reached skill level 10 in Fighting
 15806 | D:12     | Reached skill level 5 in Dodging
 15816 | D:12     | Noticed a deep elf pyromancer
 15828 | D:12     | Killed a deep elf pyromancer
 15829 | D:12     | Reached XP level 12. HP: 91/106 MP: 12/12
 15952 | D:12     | Slain by a titanic slime creature

Illustrated notes

Levels and vault maps discovered:
D:1:      elethiomel_arrival_infinity_welcomes_careful_drivers, layout_basic,
          hellmonk_ecumenical_altar_slurped_away
D:2:      layout_basic
D:3:      layout_basic, minmay_misc_feat_iff, uniq_natasha
D:4:      layout_loops_ring, yredelemnul_altar_generic,
          minmay_temple_entry_mist, hangedman_decor_riveting,
          uniq_crazy_yiuf_cottage
D:5:      layout_cave_pools, gammafunk_ghost_icy
D:6:      layout_rooms, hangedman_decor_lopped, centaur_isle
D:7:      minmay_polygon_palace, layout_cave_pools, tgw_sif,
          nicolae_hepliaklqana_hazy_memory
D:8:      layout_layer_cave, uniq_psyche
D:9:      layout_cave_pools, serial_shops, shop
D:10:     layout_cave_pools, grunt_temple_overflow_forces_of_nature,
          mainiacjoe_overflow_alcove_3, overflow_temple_1_default,
          erik_lair_orcish_takeover, david_orc_3, minivault_27
D:11:     layout_loops_ring, serial_ice, serial_ice_k, serial_ice_f,
          serial_ice_h, serial_ice_e, serial_ice_c, serial_ice_g, serial_ice_n,
          serial_ice_b, nzn_wu_jian_contemplation
D:12:     layout_loops_ring

Skill      XL: |  1  2  3  4  5  6  7  8  9 10 11 |
---------------+----------------------------------+-----
Axes           | 3 4 5 6 7 8 10 12 14 15 | 15.4
Fighting       | 4 5 6 7 8 10 | 10.2
Shields        | 4 5 6 |  6.9
Armour         | 4 5 6 8 9 |  9.9
Stealth        | 1 2 |  2.9
Dodging        | 1 2 3 5 |  5.0
Slings         | 1 |  1.4
Throwing       | |  0.2

Action                   |  1- 3 |  4- 6 |  7- 9 | 10-12 || total
-------------------------+-------+-------+-------+-------++-------
Melee: War axe           |    89 |    73 |       |       ||   162
       Hand axe          |       |    35 |   258 |   320 ||   613
 Fire: Hunting sling     |       |       |     3 |       ||     3
Throw: Dart              |       |       |     2 |       ||     2
  Use: Scroll            |       |     8 |    14 |     6 ||    28
       Potion            |       |       |     3 |     6 ||     9
Armor: Scale mail        |    25 |       |       |       ||    25
       Chain mail        |    25 |    42 |    96 |       ||   163
       Ring mail         |       |       |    41 |   125 ||   166
Dodge: Dodged            |    52 |    35 |    84 |   155 ||   326
Block: Buckler           |    33 |    23 |    51 |    52 ||   159

Table legend: (Time is in decaauts)
 A = Elapsed time spent in this place.
 B = Non-inter-level travel time spent in this place.
 C = Inter-level travel time spent in this place.
 D = Time resting spent in this place.
 E = Time spent auto-exploring this place.
 F = Levels seen in this place.
 G = Mean time per level.
                   A        B        C        D        E       F      G
               +--------+--------+--------+--------+--------+-----+--------+
         Total |  15848 |  15848 |      0 |   5649 |      0 |  12 | 1320.7 |
       Dungeon |  15848 |  15848 |      0 |   5649 |      0 |  12 | 1320.7 |
               +--------+--------+--------+--------+--------+-----+--------+

Top non-repeatable levels by time:
     D:7: 2234 daAuts
    D:11: 2224 daAuts
     D:8: 1911 daAuts
     D:4: 1861 daAuts
     D:3: 1284 daAuts
     D:1: 1260 daAuts
     D:5: 1232 daAuts
     D:6: 1000 daAuts
    D:10: 970 daAuts
     D:9: 904 daAuts
     D:2: 795 daAuts
    D:12: 170 daAuts
